 Dungeon Crawl Stone Soup version 0.22.1-1-ga44c0e56f4 (webtiles) character file.

172 Cykl0x the Chucker (level 5, -9/42 HPs)
             Began as a Centaur Hunter on Oct 26, 2018.
             Killed by divine providence
             ... invoked by an orc priest
              (13 damage)
             ... on level 3 of the Dungeon.
             The game lasted 00:07:26 (2111 turns).

Cykl0x the Chucker (Centaur Hunter)                 Turns: 2111, Time: 00:07:27

Health: -9/42      AC: 10    Str: 15    XL:     5   Next: 27%
Magic:  5/5        EV:  2    Int: 10    God:
Gold:   96         SH:  0    Dex: 10    Spells: 4/4 levels left

rFire    . . .     SeeInvis .   a - +0 short sword
rCold    . . .     Gourm    .   (no shield)
rNeg     . . .     Faith    .   e - +2 plate armour
rPois    .         Spirit   .   (no helmet)
rElec    .         Reflect  .   (no cloak)
rCorr    .         Harm     .   (no gloves)
MR       .....                  (no barding)
Stlth    ..........             (no amulet)
HPRegen  0.14/turn              (no ring)
MPRegen  0.09/turn              (no ring)

@: very quick
A: large, hooves 3, deformed body, speed 2, tough skin 3
a: no special abilities


You were on level 3 of the Dungeon.
You were hungry.

You visited 1 branch of the dungeon, and saw 3 of its levels.

You collected 96 gold pieces.

Inventory:

Hand Weapons
 a - a +0 short sword (weapon)
Missiles
 d - 2 throwing nets
 j - 3 javelins (quivered)
Armour
 b - a +0 leather armour
 e - a +2 plate armour (worn)
Scrolls
 k - 2 scrolls of identify
Potions
 c - a potion of curing {unknown}
 g - a potion of flight
 h - a potion of might {unknown}
Comestibles
 f - 4 rations


   Skills:
 + Level 2.5 Fighting
 + Level 1.8 Short Blades
 + Level 5.9 Throwing
 + Level 1.3 Armour
 + Level 1.5 Dodging
 + Level 0.4 Stealth


You had 4 spell levels left.
You didn't know any spells.
Your spell library was empty.

Dungeon Overview and Level Annotations

Branches:
Dungeon (3/15)

Altars:


Innate Abilities, Weirdness & Mutations

You have hooves in place of feet.
Armour fits poorly on your strangely shaped body.
You cover ground very quickly.
You have extremely tough skin. (AC +3)


Message History

You barely miss the orc priest.
The orc priest is moderately wounded.
The orc priest hits you but does no damage.
You barely miss the orc priest.
The orc priest is moderately wounded.
The orc priest mumbles some strange prayers to Beogh against you.
Beogh smites you!
* * * LOW HITPOINT WARNING * * *
You hit the orc priest.
The orc priest is heavily wounded.
The orc priest hits you but does no damage.
You hit the orc priest but do no damage.
The orc priest is heavily wounded.
A bat comes into view.
The orc priest hits you but does no damage.
You closely miss the orc priest. You kick the orc priest.
The orc priest is severely wounded.
The orc priest calls down the wrath of Beogh upon you.
Beogh smites you!
You die...

#.#...#..##.##.#.#
#.##.#
..............#..#
#.##.# #
#.#..##(.##.##.###
#.##.###.
.........#?..#.#
#.(..†...
#.#............#
####)###>
#.#......#.w.###
#..# #
#......##..bw#
#.##
#.##...#####o# #.#
#. #)#.#
#@######## #.# .
#.#.# #........#
#.# #.#.#
########.# #.# #<#
#.# ###.# #...#
#...# #...#


You could see a worm, an orc priest and a bat.

Vanquished Creatures
  2 orc wizards (D:3)
  3 gnolls (D:2)
  2 oozes
  2 worms (D:2)
  3 dart slugs
  A leopard gecko (D:2)
  2 orcs (D:3)
  A bat (D:1)
  3 giant cockroaches
  6 goblins
  3 hobgoblins
  15 jackals
  10 kobolds
  4 frilled lizards
  5 rats
  A plant (D:2)
63 creatures vanquished.

Notes
Turn   | Place    | Note
-------+----------+-------------------------------------------
     0 | D:1      | Cykl0x the Centaur Hunter began the quest for the Orb.
     0 | D:1      | Reached XP level 1. HP: 17/17 MP: 1/1
    70 | D:1      | Reached XP level 2. HP: 17/24 MP: 2/2
   111 | D:1      | Reached skill level 5 in Throwing
   823 | D:2      | Reached XP level 3. HP: 29/29 MP: 3/3
  1168 | D:2      | Reached skill level 1 in Short Blades
  1521 | D:2      | Reached XP level 4. HP: 36/36 MP: 4/4
  1592 | D:2      | Reached skill level 1 in Armour
  2077 | D:3      | Reached XP level 5. HP: 34/41 MP: 5/5
  2111 | D:3      | Killed from afar by an orc priest

Skill      XL: |  1  2  3  4 |
---------------+-------------+-----
Throwing       | 5 |  5.9
Short Blades   | 1 |  1.8
Armour         | 1 |  1.3
Fighting       | |  2.5
Dodging        | |  1.5
Stealth        | |  0.4

Action                   |  1- 3 |  4- 6 || total
-------------------------+-------+-------++-------
Melee: Short sword       |   188 |    76 ||   264
       Kick              |    66 |    14 ||    80
Throw: Javelin           |    52 |    13 ||    65
       Throwing net      |     1 |       ||     1
  Use: Scroll            |     5 |     1 ||     6
       Potion            |       |     2 ||     2
  Eat: Chunk             |     1 |     1 ||     2
Armor: Leather armour    |    29 |       ||    29
       Plate armour      |    46 |    69 ||   115
Dodge: Dodged            |    39 |     6 ||    45
